 Dungeon Crawl Stone Soup version v3.33-hellcrawl (webtiles) character file.

34887 Implojin the Fighter (level 15, -1/122 HPs)
             Began as a Mummy Fighter on May 11, 2017.
             Was a Priest of Uskayaw.
             Slain by a faun (12 damage)
             ... on level 2 of the Shoals.
             The game lasted 01:35:41 (20540 turns).

Implojin the Fighter (Mummy Fighter)               Turns: 20540, Time: 01:35:42

Health: -1/122     AC: 28 (34%)Str: 20  XL:     15   Next: 72%
Magic:  20/22      EV: 15    Int:  9    God:    Uskayaw [***...]
Gold:   1199       SH: 12    Dex: 16    Spells: 7/14 levels left

rFire    + + .     SeeInvis .   S - +4 double sword (freeze)
rCold    . . .     Faith    .   c - +0 shield
rNeg     + + +     Spirit   .   i - +6 fire dragon scales
rPois    ∞         Reflect  .   C - +0 Maxwell's etheric cage {RegenMP+ *Contam rElec MP+4}
rElec    +                      R - +1 cloak {Stlth+}
rCorr    .                      m - +0 pair of gloves
MR       +....                  p - +2 pair of boots
Stlth    ++........             w - amulet of regeneration
Regen    0.7/turn               q - ring of fire
MPRegen  0.3/turn               D - +3 ring of protection

@: glowing
A: no food or potions, fire vulnerability, cold resistance 1, negative energy
resistance 3, torment resistance, unbreathing, in touch with death 1
a: Stomp, Line Pass, Renounce Religion


You were on level 2 of the Shoals.
You worshipped Uskayaw.
Uskayaw was noncommittal.
You were not hungry.

You visited 3 branches of the dungeon, and saw 19 of its levels.
You also visited: Volcano.

You collected 2276 gold pieces.
You spent 1077 gold pieces at shops.

Inventory:

Hand Weapons
 g - the +3 dagger of Digieth {pain, Str+6}
   (You found it on level 12 of the Dungeon)

   In the hands of one skilled in necromantic magic, it inflicts extra damage on
   living creatures.
   It affects your strength (+6).
 u - the +8 rapier of a bailey {pierce, +Rage MR+ Str+4}
   (You found it on level 4 of the Dungeon)

   It inflicts extra damage upon your enemies.
   It affects your strength (+4).
   It affects your resistance to hostile enchantments.
   It lets you go berserk.
 x - the +9 dagger of Chilly Death {flash freeze, rPois rF- rC++ MR+}
   (You found it on level 12 of the Dungeon)

   It has been specially enchanted to freeze those struck by it, causing extra
   injury to most foes and up to half again as much damage against particularly
   susceptible opponents.
   It can also slow down cold-blooded creatures.
   It makes you vulnerable to fire.
   It greatly protects you from cold.
   It protects you from poison.
   It affects your resistance to hostile enchantments.
 G - a +2 battleaxe of pain
   (You took it off an orc warrior on level 1 of the Orcish Mines)
 N - a +2 longbow of flaming
   (You took it off a centaur warrior on level 15 of the Dungeon)
 S - a +4 double sword of freezing (weapon)
   (You took it off a wight on level 8 of the Dungeon)
 W - a +9 long sword
Missiles
 a - 8 steel tomahawks
 e - 36 poisoned darts (quivered)
 j - 3176 arrows
 s - 112 tomahawks
 A - 6 frenzy darts
 U - 314 bolts
Armour
 b - +0 acid dragon scales
 c - a +0 shield (worn)
 i - +6 fire dragon scales (worn)
 m - a +0 pair of gloves (worn)
 p - a +2 pair of boots (worn)
 z - the +4 scale mail of Tutuamaish {MR+ Int+4 Dex+2}
   (You bought it in a shop on level 1 of the Shoals)

   It affects your intelligence (+4).
   It affects your dexterity (+2).
   It affects your resistance to hostile enchantments.
 C - the +0 Maxwell's etheric cage (worn) {RegenMP+ *Contam rElec MP+4}
   (You found it on level 13 of the Dungeon)

   It insulates you from electricity.
   It affects your magic capacity (+4).
   It causes magical contamination when unequipped.
 H - the +8 chain mail "Ytteo" {Dex+2}
   (You found it on level 12 of the Dungeon)

   It affects your dexterity (+2).
 I - a +2 helmet of intelligence
   (You found it on level 6 of the Dungeon)
 J - a +1 ring mail of fire resistance
   (You found it in a volcano)
 Q - the +4 chain mail of the Blacksmith {Int+3 Dex+3 Stlth-}
   (You found it on level 7 of the Dungeon)

   It affects your intelligence (+3).
   It affects your dexterity (+3).
   It makes you less stealthy.
 R - a +1 cloak of stealth (worn)
   (You bought it in a shop on level 1 of the Shoals)
 X - the +0 buckler of the Equinox {Int+3}
   (You found it on level 9 of the Dungeon)

   It affects your intelligence (+3).
 Y - a +0 troll leather armour
Magical Staves
 l - an uncursed staff of fire
 B - an uncursed staff of wizardry
 T - an uncursed staff of earth
Jewellery
 h - an uncursed ring of wizardry
   (You found it on level 2 of the Dungeon)
 o - an uncursed ring of ice
   (You found it on level 12 of the Dungeon)
 q - a ring of fire (left hand)
   (You found it on level 3 of the Dungeon)
 w - an amulet of regeneration (around neck)
   (You found it on level 4 of the Dungeon)
 D - a +3 ring of protection (right hand)
   (You found it on level 5 of the Dungeon)
 K - an uncursed ring of ice
   (You found it on level 2 of the Orcish Mines)
 L - an uncursed amulet of magic regeneration
   (You found it on level 6 of the Dungeon)
 O - an uncursed ring of resist corrosion
   (You found it on level 1 of the Shoals)
 P - the ring of Buyvas {rPois Int+2}
   (You found it on level 15 of the Dungeon)

   [ring of poison resistance]

   It affects your intelligence (+2).
   It protects you from poison.
 V - an uncursed ring of magical power
   (You found it on level 9 of the Dungeon)
Wands
 n - a wand of flame (1)
 r - a wand of iceblast (1)
 y - a wand of slowing (1)
 F - a wand of polymorph (4)
 Z - a wand of lightning (1)
Scrolls
 d - a scroll of holy word
 f - 2 scrolls of immolation
 k - 4 scrolls of noise
 t - a scroll of magic mapping
 v - 4 scrolls of amnesia
 E - a scroll of fog
 M - 2 scrolls of brand weapon


   Skills:
 * Level 12.9 Fighting
 - Level 12.0 Blades
 - Level 3.0 Throwing
 - Level 7.9 Armour
 - Level 10.0 Dodging
 - Level 7.0 Stealth
 - Level 10.0 Shields
 - Level 5.0 Invocations
 - Level 4.2 Evocations


You had 7 spell levels left.
You knew the following spells:

 Your Spells              Type           Power        Failure   Level  Hunger
a - Blink                 Tloc           N/A          98%         2    N/A
b - Summon Butterflies    Summ           0 (100)      93%         1    N/A
c - Repel Missiles        Chrm/Air       0 (50)       98%         2    N/A
d - Swiftness             Chrm/Air       0 (100)      98%         2    N/A

Dungeon Overview and Level Annotations

Branches:
Dungeon (15/15)            Shoals (2/3) Orc:2         Slime (0/4) Orc:2
    Orc (2/2) D:15         Vaults (0/3) D:15         Depths (0/3) D:15
  Snake: Orc:2       Spider: Orc:2

Altars:
Cheibriados
Dithmenos
Elyvilon
Gozag
Hepliaklqana
Kikubaaqudgha
Makhleb
Nemelex Xobeh
Okawaru
Qazlal
Ru
Sif Muna
Trog
Uskayaw
Vehumet
Xom
Yredelemnul
Zin
The Shining One
Lugonu

Shops:
D:7 *   Orc:1 (   Orc:2 (:*[   Shoals:1 [


Innate Abilities, Weirdness & Mutations

You do not eat or drink.
Your flesh is vulnerable to fire.
You are immune to poison.
Your flesh is cold resistant. (rC+)
You are immune to negative energy. (rN+++)
You are immune to unholy pain and torment.
You can survive without breathing.
You are in touch with the powers of death.


Message History

Unknown command.
Unknown command.
The faun is no longer sharing its pain. x3; The faun shoots an arrow.
The arrow barely misses you (0).
The satyr shoots an arrow.
The arrow hits you (22)!!
* * * LOW HITPOINT WARNING * * *
The faun shoots an arrow.
The arrow misses you (0).
The faun shoots an arrow.
The arrow hits you (13)!
* * * LOW HITPOINT WARNING * * *
The arrow freezes you (7)!
* * * LOW HITPOINT WARNING * * *
Unknown command.
Unknown command.
You're too confused!
Unknown command.
Unknown command.
Unknown command.
Evoke which item? (* to show all) (? for menu, Esc to quit)
Okay, then.
You're too confused!
Unknown command.
Unknown command.
Unknown command.
Evoke which item? (* to show all) (? for menu, Esc to quit)
Okay, then.
Unknown command.
You're too confused!
Unknown command.
You feel less confused.
The faun shoots an arrow.
You block the arrow.
The faun shoots an arrow.
The arrow closely misses you (0).
The arrow hits the faun (14)!
The arrow freezes the faun (5).
The faun dies!
The satyr shoots an arrow.
The arrow hits you but does no damage.
Things that are here:
a +0 shortbow; 87 arrows; a faun corpse Unknown command.
Okay, then.
Unknown command.
Evoke which item? (* to show all) (? for menu, Esc to quit)
Aiming: Polymorph
Press: ? - help, Shift-Dir - straight line, f - faun
Aim: a faun, wielding a +0 shortbow (chance to defeat MR: 40%)
Okay, then.
Unknown command.
Okay, then.
Quiver which item? (- for none, * to show all) (? for menu, Esc to quit)
Okay, then.
Okay, then.
Aiming: Line Pass
Press: ? - help, Dir - move target cursor, f - satyr
Aim: a satyr, wielding a +0 longbow (lightly wounded)
You can't stand on top of the monster!
Aiming: Line Pass
Press: ? - help, Dir - move target cursor, p - satyr
Okay, then.
Unknown command.
Aiming: Line Pass
Press: ? - help, Dir - move target cursor, p - satyr The faun appears confused.
The faun unwields a +0 shortbow.
The faun misses the satyr.
Unknown command.
You slash the faun (10)! You freeze the faun (2).
The faun is moderately wounded.
The satyr shoots an arrow.
You block the arrow.
The faun seems less confused.
The faun gestures at you while chanting.
You resist with almost no effort.
The satyr shoots an arrow.
The arrow hits you (2).
* * * LOW HITPOINT WARNING * * *
Unknown command.
The satyr shoots an arrow.
The arrow hits you but does no damage.
Unknown command.
Unknown command.
You slash the satyr (7)! You freeze the satyr (2).
The satyr is lightly wounded.
Uskayaw will force your foes to share their pain.
You hit the satyr (5). You freeze the satyr (3).
The satyr is moderately wounded.
The satyr shoots an arrow.
The arrow closely misses you (0).
The faun unwields a +0 shortbow.
You block the faun's attack.
Unknown command.
You hit the satyr (6). You freeze the satyr (1).
The satyr is moderately wounded.
The faun barely misses you.
The satyr shoots an arrow.
You block the arrow.
Unknown command.
You closely miss the satyr.
The satyr is moderately wounded.
The faun shoots an arrow.
The arrow hits you but does no damage.
The satyr shoots an arrow.
The arrow hits you (26)!!
* * * LOW HITPOINT WARNING * * *
Unknown command.
Unknown command.
Okay, then.
Aiming: Line Pass
Press: ? - help, Dir - move target cursor The satyr appears confused.
The faun unwields a +1 shortbow of freezing.
The faun hits you (12)!
You die...

......≈≈...≈≈≈
.....≈..≈≈≈≈≈
...≈≈..≈≈≈≈≈ ..
#......≈≈≈.≈≈ #..
#......≈≈.≈≈≈
#..####......≈≈≈≈≈≈
....#......(.≈≈≈≈≈≈
#.....).....≈≈≈≈≈
..#....)@###...≈≈≈≈
....../cc#.....≈≈≈≈
........cc....≈≈≈≈≈
.≈≈≈≈..........≈≈c.
≈≈.≈≈≈...≈≈≈≈≈...c.
≈≈≈≈≈≈≈≈≈≈≈≈≈≈..###
≈≈≈≈≈≈≈≈≈≈≈≈≈...#
≈≈≈≈≈≈≈≈≈≈≈≈≈....#
≈≈≈≈≈≈≈≈≈≈≈≈≈......


You could see a satyr (confused) and 3 fauns.

Vanquished Creatures
  A tengu reaver (D:12)
  2 orc warlords
  An ettin (D:12)
  Josephine (D:11)
  A merfolk impaler (Shoals:1)
  An ogre mage (D:14)
  3 fire dragons
  Harold (Orc:2)
  A rakshasa (D:15)
  2 hydras (D:15)
  A death knight (D:15)
  8 centaur warriors
  2 dancing weapons (D:15)
  10 two-headed ogres
  A two-headed ogre (shapeshifter) (D:14)
  3 merfolk aquamancers (Shoals:1)
  6 orc high priests
  10 death yaks
  5 skeletal warriors (D:14)
  A wizard (D:15)
  A sea snake (Shoals:2)
  4 unseen horrors
  An unseen horror (shapeshifter) (D:12)
  Pikel (D:6)
  7 orc knights
  A deep elf mage (D:15)
  10 ugly things
  6 fauns
  9 orc sorcerers
  A hornet (D:15)
  3 cyclopes
  5 manticores
  3 sirens (Shoals:1)
  A black mamba (D:12)
  4 water nymphs (Shoals:1)
  2 torpor snails
  4 spiny frogs
  A gargoyle (D:15)
  3 rime drakes
  2 yaktaurs
  An efreet (D:13)
  2 freezing wraiths (D:14)
  A jumping spider (shapeshifter) (D:15)
  10 trolls
  3 merfolk (Shoals:1)
  3 polar bears (D:14)
  A wind drake (shapeshifter) (D:12)
  Grinder (D:6)
  Prince Ribbit (D:5)
  19 blink frogs
  A slime creature (D:15)
  5 snapping turtles
  A meliai zombie (D:11)
  5 shadows
  4 water elementals
  7 wyverns
  5 wraiths
  7 yaks
  A vampire (D:8)
  A hog (shapeshifter) (D:14)
  An angry ghost (D:10)
  A steam dragon (D:11)
  Menkaure (D:6)
  6 wargs
  3 acid dragons
  Edmund (D:6)
  A spiny frog zombie (D:10)
  A hell hound (Volcano)
  2 water moccasins
  4 slaves (D:6)
  2 black bears
  8 ice beasts
  55 orc warriors
  17 ogres
  A spiny frog skeleton (D:6)
  3 wasps
  A phantom (D:4)
  2 wolves (D:14)
  12 centaurs
  A blink frog skeleton (D:12)
  Blork the orc (D:6)
  3 bullfrogs
  3 wyvern zombies
  A scorpion (D:7)
  A wyvern skeleton (D:8)
  A blink frog simulacrum (D:14)
  13 killer bees
  6 crimson imps
  5 wights (D:8)
  An electric eel (D:8)
  4 centaur zombies
  A quasit (D:6)
  A wyvern simulacrum (D:14)
  5 jellies
  3 hounds
  27 orc priests
  16 orc wizards
  4 centaur skeletons
  Terence (D:2)
  7 worker ants
  2 iguanas
  A centaur simulacrum (D:12)
  2 hound skeletons
  11 adders
  2 shadow imps
  6 white imps (D:14)
  An ufetubus (D:14)
  An ooze (D:1)
  An adder skeleton (D:4)
  5 dart slugs
  110 orcs
  7 quokkas
  8 giant cockroaches
  10 goblins
  9 hobgoblins
  9 jackals
  10 kobolds
  2 ball pythons
  9 bats
  3 frilled lizards
  A quokka skeleton (D:4)
  5 rats
  A butterfly (D:4)
  A plant (Shoals:1)
653 creatures vanquished.

Vanquished Creatures (others)
  3 fauns (Shoals:2)
  A quokka (D:3)
  11 fungi (D:15)
  5 plants (D:15)
20 creatures vanquished.

Grand Total: 673 creatures vanquished

Notes
Turn   | Place    | Note
-------+----------+-------------------------------------------
     0 | D:1      | Implojin the Mummy Fighter began the quest for the Orb.
     0 | D:1      | Reached XP level 1. HP: 18/18 MP: 1/1
   199 | D:1      | Reached skill level 2 in Blades
   482 | D:1      | Reached XP level 2. HP: 24/24 MP: 2/2
   952 | D:1      | Reached XP level 3. HP: 18/29 MP: 3/3
  1078 | D:1      | Reached skill level 3 in Blades
  1189 | D:2      | Noticed Terence
  1213 | D:2      | Killed Terence
  1213 | D:2      | Reached skill level 1 in Throwing
  1303 | D:2      | Reached XP level 4. HP: 26/35 MP: 4/4
  1507 | D:2      | Found a shimmering altar of Xom.
  1508 | D:2      | Found a corrupted altar of Lugonu.
  1518 | D:2      | Found a shimmering altar of Xom.
  1519 | D:2      | Found a faded altar of an unknown god.
  1521 | D:2      | Found a shimmering altar of Xom.
  1527 | D:2      | Found a shimmering altar of Xom.
  1528 | D:2      | Found a shimmering altar of Xom.
  1528 | D:2      | Found a shimmering altar of Xom.
  1529 | D:2      | Found a shimmering altar of Xom.
  1774 | D:2      | Found a snail-covered altar of Cheibriados.
  2099 | D:2      | Found a sparkling altar of Nemelex Xobeh.
  2131 | D:2      | Found a bloodstained altar of Trog.
  2135 | D:2      | Reached XP level 5. HP: 41/41 MP: 5/5
  2141 | D:2      | Found a basalt altar of Yredelemnul.
  2191 | D:2      | Found a burning altar of Makhleb.
  2207 | D:2      | Reached skill level 4 in Blades
  2853 | D:3      | Found a sacrificial altar of Ru.
  2880 | D:3      | Reached skill level 2 in Throwing
  3110 | D:3      | Learned a level 2 spell: Blink
  3492 | D:4      | Found a shimmering altar of Xom.
  3506 | D:4      | Found an iron altar of Okawaru.
  3516 | D:4      | Reached XP level 6. HP: 37/47 MP: 6/6
  3763 | D:4      | Found a shadowy altar of Dithmenos.
  3779 | D:4      | Reached skill level 1 in Evocations
  3921 | D:4      | Reached skill level 2 in Evocations
  3958 | D:4      | Got the +8 rapier of a bailey {pierce, +Rage MR+ Str+4}
  3981 | D:4      | Reached skill level 5 in Blades
  4294 | D:4      | Found a hazy altar of Hepliaklqana.
  4300 | D:4      | Reached XP level 7. HP: 52/52 MP: 8/8
  4497 | D:5      | Entered Level 5 of the Dungeon
  4573 | D:5      | Noticed Prince Ribbit
  4597 | D:5      | Killed Prince Ribbit
  4597 | D:5      | Reached skill level 6 in Blades
  4733 | D:5      | Found an ancient bone altar of Kikubaaqudgha.
  4851 | D:5      | Found a glowing silver altar of Zin.
  4879 | D:5      | Found a radiant altar of Vehumet.
  5055 | D:5      | Found a deep blue altar of Sif Muna.
  5409 | D:6      | Noticed Edmund
  5421 | D:6      | Killed Edmund
  5421 | D:6      | Reached skill level 4 in Fighting
  5421 | D:6      | Reached XP level 8. HP: 61/61 MP: 9/9
  5426 | D:6      | Noticed Grinder
  5440 | D:6      | Killed Grinder
  5440 | D:6      | Reached skill level 5 in Fighting
  5473 | D:6      | Reached skill level 6 in Fighting
  5546 | D:6      | Noticed Pikel
  5559 | D:6      | Killed Pikel
  5559 | D:6      | Reached skill level 8 in Fighting
  5614 | D:6      | Noticed Menkaure
  5626 | D:6      | Killed Menkaure
  5645 | D:6      | Noticed Blork the orc
  5653 | D:6      | Killed Blork the orc
  5653 | D:6      | Reached XP level 9. HP: 63/75 MP: 10/10
  5737 | D:6      | Noticed a hand axe
  5737 | D:6      | Found a hide-covered altar of Uskayaw.
  5737 | D:6      | Noticed a hand axe
  5806 | D:6      | Became a worshipper of Uskayaw the Reveler
  5888 | D:6      | Reached * piety under Uskayaw
  5890 | D:6      | Reached skill level 9 in Fighting
  5890 | D:6      | Reached ** piety under Uskayaw
  6065 | D:6      | Found a white marble altar of Elyvilon.
  6340 | D:6      | Reached *** piety under Uskayaw
  6520 | D:7      | Reached skill level 7 in Blades
  6552 | D:7      | Found a stormy altar of Qazlal.
  6639 | D:7      | Found a glowing golden altar of the Shining One.
  6847 | D:7      | Found an opulent altar of Gozag.
  6847 | D:7      | Found Gozag's Platinum Reserve.
  6872 | D:7      | Got the +4 chain mail of the Blacksmith {Int+3 Dex+3 Stlth-}
  6896 | D:7      | Reached skill level 8 in Blades
  7087 | D:8      | Reached **** piety under Uskayaw
  7091 | D:8      | Reached ***** piety under Uskayaw
  7271 | D:8      | Reached skill level 9 in Blades
  7415 | D:8      | Reached XP level 10. HP: 74/83 MP: 11/11
  7422 | D:8      | Reached skill level 3 in Shields
  7597 | D:8      | Found a radiant altar of Vehumet.
  7607 | D:8      | Reached skill level 4 in Shields
  7620 | D:8      | Noticed a two-headed ogre
  7631 | D:8      | Killed a two-headed ogre
  7631 | D:8      | Reached skill level 4 in Armour
  7721 | D:8      | Noticed a torpor snail
  7733 | D:8      | Killed a torpor snail
  7733 | D:8      | Reached skill level 2 in Dodging
  7735 | D:8      | Found a shadowy altar of Dithmenos.
  8294 | D:9      | Got the +0 buckler of the Equinox {Int+3}
  8701 | D:10     | Entered Level 10 of the Dungeon
  8744 | D:10     | Reached skill level 3 in Dodging
  8997 | D:10     | Reached skill level 4 in Dodging
  9021 | D:10     | Noticed a spiny frog
  9030 | D:10     | Killed a spiny frog
  9076 | D:10     | Reached skill level 5 in Dodging
  9093 | D:10     | Noticed a two-headed ogre
  9103 | D:10     | Killed a two-headed ogre
  9103 | D:10     | Reached skill level 6 in Dodging
  9103 | D:10     | Reached XP level 11. HP: 25/89 MP: 12/12
  9256 | D:10     | Noticed an orc high priest
  9256 | D:10     | Noticed an orc sorcerer
  9264 | D:10     | Killed an orc sorcerer
  9265 | D:10     | Noticed a soul eater
  9265 | D:10     | Killed an orc high priest
  9265 | D:10     | Reached skill level 5 in Armour
  9362 | D:10     | Killed an unseen horror
  9362 | D:10     | Reached skill level 6 in Armour
  9368 | D:10     | Reached ****** piety under Uskayaw
  9693 | D:11     | Reached skill level 5 in Shields
 10029 | D:11     | Reached skill level 6 in Shields
 10162 | D:11     | Reached skill level 7 in Shields
 10221 | D:11     | Noticed Josephine
 10230 | D:11     | Killed Josephine
 10398 | D:11     | Reached skill level 10 in Fighting
 10398 | D:11     | Reached XP level 12. HP: 84/97 MP: 13/13
 10764 | D:12     | Reached skill level 3 in Evocations
 10956 | D:12     | Noticed an ettin
 11041 | D:12     | Killed an ettin
 11041 | D:12     | Reached skill level 7 in Dodging
 11131 | D:12     | Got the +8 chain mail "Ytteo" {Dex+2}
 11154 | D:12     | Noticed a centaur warrior
 11164 | D:12     | Killed a centaur warrior
 11185 | D:12     | Noticed an ettin
 11185 | D:12     | a wolf spider changed into an ettin
 11186 | D:12     | an ettin changed into a slime creature
 11209 | D:12     | Noticed a fire dragon
 11427 | D:12     | Reached skill level 8 in Dodging
 11486 | D:12     | Found a sparkling altar of Nemelex Xobeh.
 11529 | D:12     | Reached skill level 3 in Throwing
 11758 | D:12     | Reached skill level 7 in Armour
 11781 | D:12     | Noticed a tengu reaver
 11798 | D:12     | Killed a tengu reaver
 11873 | D:12     | Got the +3 dagger of Digieth {pain, Str+6}
 11990 | D:12     | Found a sparkling altar of Nemelex Xobeh.
 12024 | D:12     | Killed a fire dragon
 12179 | D:13     | Reached skill level 10 in Blades
 12184 | D:13     | Noticed a centaur warrior
 12202 | D:13     | Killed a centaur warrior
 12253 | D:13     | Found a dark tunnel.
 12282 | Volcano  | Entered a volcano
 12336 | Volcano  | asdfg
 12669 | D:13     | Noticed a two-headed ogre
 12897 | D:13     | Killed a two-headed ogre
 12897 | D:13     | Gained mutation: You are in touch with the powers of death. [Mummy growth]
 12897 | D:13     | Reached XP level 13. HP: 93/103 MP: 15/15
 13010 | D:13     | Reached skill level 11 in Blades
 13444 | D:14     | Reached skill level 9 in Dodging
 13594 | D:14     | Found a glowing silver altar of Zin.
 13872 | D:14     | Reached skill level 10 in Dodging
 13886 | D:14     | HP: 21/103 [white ugly thing (14)]
 13894 | D:14     | Reached skill level 1 in Invocations
 13896 | D:14     | Reached skill level 2 in Invocations
 14058 | D:14     | Reached skill level 4 in Evocations
 14089 | D:14     | Reached skill level 3 in Invocations
 14120 | D:14     | Reached skill level 4 in Invocations
 14255 | D:14     | Reached skill level 5 in Invocations
 14586 | D:14     | Reached skill level 11 in Fighting
 14586 | D:14     | Reached XP level 14. HP: 111/113 MP: 17/17
 14765 | D:15     | Entered Level 15 of the Dungeon
 15086 | D:15     | Reached skill level 12 in Fighting
 15535 | D:15     | Reached skill level 12 in Blades
 15645 | D:15     | Found a gate to the Vaults.
 15712 | D:15     | Found a staircase to the Orcish Mines.
 15871 | D:15     | Found a staircase to the Depths.
 16049 | D:15     | Reached skill level 8 in Shields
 16308 | D:15     | Got the ring of Buyvas {rPois Int+2}
 16353 | D:15     | Learned a level 1 spell: Summon Butterflies
 16392 | D:15     | Reached skill level 9 in Shields
 16507 | Orc:1    | Entered Level 1 of the Orcish Mines
 16507 | Orc:1    | Found Wacked's Antique Weapon Boutique.
 16563 | Orc:1    | Noticed an orc warlord
 16573 | Orc:1    | Killed an orc warlord
 16767 | Orc:1    | Reached skill level 10 in Shields
 16816 | Orc:1    | Reached skill level 1 in Stealth
 16947 | Orc:2    | Entered Level 2 of the Orcish Mines
 16982 | Orc:2    | Reached XP level 15. HP: 47/120 MP: 18/18
 17141 | Orc:2    | Reached skill level 2 in Stealth
 17145 | Orc:2    | Found a staircase to the Shoals.
 17323 | Orc:2    | Reached skill level 3 in Stealth
 17703 | Orc:2    | Reached skill level 4 in Stealth
 17733 | Orc:2    | Found a staircase to the Slime Pits.
 17765 | Orc:2    | Found Wuga's Antique Weapon Emporium.
 17796 | Orc:2    | Found Qigeg's Book Shoppe.
 17953 | Orc:2    | Reached skill level 5 in Stealth
 18416 | Orc:2    | Found Regho's General Store.
 18468 | Orc:2    | Noticed Harold
 18527 | Orc:2    | Killed Harold
 18527 | Orc:2    | Reached skill level 6 in Stealth
 18607 | Orc:2    | :asdgf
 18620 | Orc:2    | Noticed an orc warlord
 18644 | Orc:2    | Killed an orc warlord
 18740 | Orc:2    | Found Iskoxel's Armour Emporium.
 18814 | Orc:2    | Reached skill level 7 in Stealth
 19098 | Orc:2    | Bought a book of Air for 420 gold pieces
 19102 | Orc:2    | Learned a level 2 spell: Repel Missiles
 19105 | Orc:2    | Learned a level 2 spell: Swiftness
 19148 | Shoals:1 | Entered Level 1 of the Shoals
 19521 | Shoals:1 | HP: 29/120 [merfolk impaler/+1 trident of flaming (14)]
 20367 | Shoals:1 | Found Zead's Armour Boutique.
 20377 | Shoals:1 | Bought a +1 cloak of stealth for 165 gold pieces
 20390 | Shoals:1 | Bought the +4 scale mail of Tutuamaish {MR+ Int+4 Dex+2} for 492 gold pieces
 20539 | Shoals:2 | HP: 11/122 [satyr/arrow (26)]
 20540 | Shoals:2 | Slain by a faun

Skill      XL: |  1  2  3  4  5  6  7  8  9 10 11 12 13 14 15 |
---------------+----------------------------------------------+-----
Blades         | 2 3 4 5 6 9 10 11 12 | 12.0
Throwing       | 1 2 3 |  3.0
Evocations     | 2 3 4 |  4.2
Fighting       | 4 8 9 10 11 12 | 12.9
Shields        | 4 7 10 | 10.0
Armour         | 4 6 7 |  7.9
Dodging        | 6 8 10 | 10.0
Invocations    | 5 |  5.0
Stealth        | 1 7 |  7.0

Action                   |  1- 3 |  4- 6 |  7- 9 | 10-12 | 13-15 || total
-------------------------+-------+-------+-------+-------+-------++-------
Melee: Long sword        |    95 |    90 |       |       |       ||   185
       Dagger            |       |   194 |       |       |       ||   194
       Rapier            |       |    11 |   274 |   443 |       ||   728
       Double sword      |       |       |       |   120 |  1389 ||  1509
Throw: Poisoned dart     |    13 |    20 |    30 |    43 |   130 ||   236
       Tomahawk          |       |       |     8 |    20 |    15 ||    43
       Curare dart       |       |       |       |       |    10 ||    10
Invok: Stomp             |       |       |       |     1 |       ||     1
       Line Pass         |       |       |       |       |     2 ||     2
Evoke: Wand              |       |     6 |    12 |    23 |     9 ||    50
  Use: Scroll            |       |       |       |     7 |     9 ||    16
 Stab: Paralysed         |       |       |     3 |    20 |    79 ||   102
Armor: Scale mail        |    37 |    91 |    69 |       |       ||   197
       Chain mail        |       |       |    32 |   329 |   259 ||   620
       Fire dragon scale |       |       |       |       |   269 ||   269
Dodge: Dodged            |    22 |    89 |    40 |   136 |   623 ||   910
Block: Shield            |    44 |   124 |   106 |   271 |   751 ||  1296

Vault maps used:
D:1:      dpeg_arrival_rhombi, minmay_distorted
D:2:      lemuel_round_altar, nemelex_xobeh_ov_fountains_minmay,
          makhleb_heckhound_becter, minitemple, ecumenical_temple_of_chaos,
          uniq_terence
D:3:      nicolae_ru_great_annihilating_truth
D:4:      xom_butterflies, grunt_dithmenos_shadows, lemuel_crystal_altar,
          okawaru_ov_weapons_minmay
D:5:      overflow_temple_1_default, lemuel_doored_altar, lemuel_crystal_altar,
          kennysheep_mini_moat, uniq_prince_ribbit1
D:6:      overflow_temple_1_default, dancing_weapons_uskayaw,
          grunt_ministairs_8, uniq_grinder, uniq_menkaure, uniq_blork_the_orc,
          uniq_pikel, uniq_edmund
D:7:      nicolae_gozag_zags_fifth_avenue, nicolae_qazlal_style_of_elements,
          kennysheep_mini
D:8:      statuecave_lemuel, hangedman_feature_mirror
D:10:     grunt_decor_mini_mirrors
D:11:     serial_curves, eino_curves_01, eino_curves_04, uniq_josephine
D:12:     minmay_octo_star, basic_altar
D:13:     nicolae_volcano_entry_lava_flow
D:14:     infiniplex_staircase_zigzag_1, basic_altar, serial_ice, serial_ice_g,
          serial_ice_n, serial_ice_k, serial_ice_m, serial_ice_e, serial_ice_o,
          serial_ice_c, serial_ice_a, serial_ice_b, serial_ice_d
D:15:     grunt_enter_depths_hoard, david_orc_4, erik_vaults_1,
          evilmike_minifort
Shoals:1: serial_shops, nicolae_shop_statue_plus, nicolae_shoals_water_shrine
Shoals:2: serial_shops, shop
Orc:1:    basic_altar, serial_shops, nicolae_shop_stone
Orc:2:    pubby_orc_utopia, uniq_harold
Volcano:  volcano_caves

Table legend:
 A = Turns spent in this place as a percentage of turns spent in the entire game.
 B = Non-inter-level travel turns spent in this place as a percentage of non-inter-level travel turns spent in the entire game.
 C = Inter-level travel turns spent in this place as a percentage of turns spent in this place.
 D = Turns resting spent in this place as a percentage of non-inter-level travel turns spent in this place.
 E = Turns spent auto-exploring this place as a percentage of non-inter-level travel turns spent in this place.
 F = Non-inter-level travel turns spent in this place divided by the number of levels of this place that you've seen.
                   A       B       C       D       E      F
               +-------+-------+-------+-------+-------+----------------------
         Total | 100.0 | 100.0 |   0.3 |   2.3 |   7.4 | 467.2
       Dungeon |  71.8 |  71.8 |   0.4 |   2.3 |   9.7 | 447.3
        Shoals |   8.0 |   8.0 |   0.1 |   4.3 |   2.4 | 375.5
  Orcish Mines |  19.4 |  19.5 |   0.2 |   1.7 |   1.4 | 909.0
       Volcano |   0.7 |   0.7 |   0.0 |   0.0 |   0.0 |  66.0
               +-------+-------+-------+-------+-------+----------------------

Table legend:
 A = Kills in this place as a percentage of kills in entire the game.
 B = Kills by you in this place as a percentage of kills by you in the entire game.
 C = Kills by friends in this place as a percentage of kills by friends in the entire game.
 D = Other kills in this place as a percentage of other kills in the entire game.
 E = Experience gained in this place as a percentage of experience gained in the entire game.
 F = Experience gained in this place divided by the number of levels of this place that you have seen.
                   A       B       C       D       E      F
               +-------+-------+-------+-------+-------+----------------------
         Total | 100.0 | 100.0 |  -nan | 100.0 | 100.0 | 6976.0
       Dungeon |  63.8 |  64.1 |  -nan |   0.0 |  68.1 | 6334.5
        Shoals |   5.2 |   4.8 |  -nan | 100.0 |  11.1 | 7756.0
  Orcish Mines |  30.6 |  30.8 |  -nan |   0.0 |  20.6 | 14390.5
       Volcano |   0.3 |   0.3 |  -nan |   0.0 |   0.2 | 210.0
               +-------+-------+-------+-------+-------+----------------------
